AoeStats
← Creep

Coastal Forest

510574767Analyzed
2v2 RM · 1d ago on Oct 1, 2026· 40m 58s· 4 players
Game mode
Random Map
Map size
Medium (4 player)
Population
200
Speed
Normal
Resources
Standard
Victory
Conquest
Starting age
Dark Age
Ending age
Imperial Age
RankedLock teamsTeams togetherTeam positionsShared explorationLock speedFull tech treeHidden civsTurbo modeCheats
Victory
Defeat
🇺🇸 Britons · United States
689
+16
🇬🇧 Slavs · United Kingdom
686
+37
🇪🇸 Chinese · Spain
738
-18
🇪🇸 Vikings · Spain
638
-14
XSET Ang3l 3408
2:19 Loom
17:33 Feudal Age
17:55 Horse Collar
18:14 Double-Bit Axe
18:25 Gold Mining
19:26 Stone Mining
20:58 Wheelbarrow
22:47 Town Watch
22:33 Man-at-Arms
25:01 Bloodlines
32:14 Castle Age
32:43 Forging
32:24 Fletching
32:34 Padded Archer Armor
32:35 Scale Mail Armor
32:41 Scale Barding Armor
34:20 Hand Cart
34:06 Town Patrol
34:51 Bow Saw
36:30 Husbandry
35:52 Light Cavalry
38:05 Gold Shaft Mining
37:35 Heavy Plow
37:24 Crossbowman
37:24 Elite Skirmisher
39:40 Chain Mail Armor
39:45 Chain Barding Armor
40:01 Iron Casting
39:22 Bodkin Arrow
39:42 Leather Archer Armor
41:24 Leather Archer Armor
Mase of Spades
12:43 Loom
14:34 Feudal Age
15:18 Fishing Lines
15:58 Gold Mining
15:56 Double-Bit Axe
17:05 Wheelbarrow
16:38 Stone Mining
18:51 Horse Collar
19:00 Man-at-Arms
19:25 Arson
23:30 Castle Age
23:45 Town Watch
24:33 Bow Saw
25:02 Gold Shaft Mining
25:13 Crossbowman
27:19 Fletching
27:29 Padded Archer Armor
27:59 Ballistics
27:22 Treadmill Crane
29:09 Hand Cart
28:57 Town Patrol
29:27 Long Swordsman
29:53 Gambesons
35:49 Imperial Age
34:02 Squires
33:23 Pikeman
38:48 Yeomen
38:49 Arbalester
40:13 Elite Longbowman
42:06 Two-Man Saw
NitrogenGirl
6:05 Loom
14:40 Feudal Age
15:12 Horse Collar
15:20 Double-Bit Axe
31:50 Man-at-Arms
37:52 Castle Age
39:02 Pikeman
39:46 Squires
Creep
13:14 Feudal Age
11:35 Loom
15:11 Double-Bit Axe
17:40 Fishing Lines
21:08 Castle Age
21:13 Forging
21:03 Scale Mail Armor
23:00 Iron Casting
23:55 Bow Saw
23:43 Gillnets
25:51 Chieftains
Connection lost

Rejoining the realm…

Still unreachable

The connection could not be restored.

Session expired

The server has moved on; the page needs a fresh start.